 Dungeon Crawl Stone Soup version 0.30.0-15-g856e2d3f33 (webtiles) character file.

Game seed: 12347116926610971624

67568 avis the Executioner (level 15, -9/126 HPs)
             Began as a Hill Orc Monk on May 16, 2023.
             Was a High Priest of Beogh.
             Splashed by a goliath frog's acid (13 damage)
             ... called by a spriggan druid
             ... on level 2 of the Swamp on May 18, 2023.
             The game lasted 03:13:01 (23115 turns).

avis the Executioner (Hill Orc Monk)               Turns: 23115, Time: 03:13:02

Health: -9/126     AC: 12    Str: 28    XL:     15   Next: 23%
Magic:  12/27      EV: 20    Int: 10    God:    Beogh [*****.]
Gold:   1280       SH: 14    Dex: 13    Spells: 14/14 levels left

rFire   . . .        a - +6 war axe "Qyahilieb" {flame, rF+ rC- Str+3}
rCold   + + .        Q - +0 tower shield
rNeg    . . .        w - +2 ice dragon scales
rPois   .            (no helmet)
rElec   .            z - scarf {harm}
rCorr   .            S - +2 pair of gloves {infuse}
SInv    .            (no boots)
Will    +....        O - amulet of Miuntoqu {Faith *Slow rC+ Str+3} Stlth
                     f - +5 ring of evasion
HPRegen 0.41/turn    o - +5 ring of evasion
MPRegen 0.20/turn

%: slow self (1%), harm (+30% outgoing, +20% incoming), faith, infuse magic (1
MP)
@: corroded
A: walk on water
a: Renounce Religion, Smiting, Recall Orcish Followers, Give Item to Named
Follower


You were on level 2 of the Swamp.
You worshipped Beogh.
Beogh was extremely pleased with you.
You visited 5 branches of the dungeon, and saw 22 of its levels.
You also visited: Bailey.

You collected 1824 gold pieces.
You spent 544 gold pieces at shops.

Inventory:

Hand Weapons
 a - the +6 war axe "Qyahilieb" (weapon) {flame, rF+ rC- Str+3}
   (You bought it in a shop on level 5 of the Dungeon)

   Str:       It affects your strength (+3).
   rF:        It protects you from fire.
   rC:        It makes you vulnerable to cold.
 b - the +8 flail "Ytreguk" {heavy, rF+ rC+ Will+ Str+3}
   (You bought it in a shop on level 5 of the Dungeon)

   Str:       It affects your strength (+3).
   rF:        It protects you from fire.
   rC:        It protects you from cold.
   Will:      It increases your willpower.
 n - a +0 spear
 q - a +0 spear
 B - a +0 heavy quarterstaff
Missiles
 y - 6 throwing nets (quivered)
Armour
 w - +2 ice dragon scales (worn)
 z - a scarf of harm (worn)
 Q - a +0 tower shield (worn)
 S - a +2 pair of gloves of infusion (worn)
Jewellery
 f - a +5 ring of evasion (left hand)
 o - a +5 ring of evasion (right hand)
 v - a +6 ring of intelligence
 O - the amulet of Miuntoqu (around neck) {Faith *Slow rC+ Str+3}
   (You found it in a bailey)

   [amulet of faith]

   It allows you to gain divine favour quickly.
   Str:       It affects your strength (+3).
   rC:        It protects you from cold.
   *Slow:     It may slow you when you take damage.
Wands
 c - a wand of polymorph (4)
 h - a wand of charming (14)
 j - a wand of quicksilver (14)
 r - a wand of mindburst (13)
 t - a wand of digging (8)
 H - a wand of roots (3)
 I - a wand of flame (54)
Scrolls
 g - 12 scrolls of teleportation
 l - 2 scrolls of poison
 m - 3 scrolls of magic mapping
 s - 3 scrolls of summoning
 u - a scroll of immolation
 x - 4 scrolls of fear
 F - 3 scrolls of blinking
Potions
 d - a potion of ambrosia
 e - 3 potions of resistance
 i - 4 potions of brilliance
 k - 7 potions of haste
 p - 8 potions of curing
 C - 3 potions of cancellation
 G - 2 potions of magic
 J - a potion of berserk rage
 U - 3 potions of flight
 Z - 3 potions of might
Miscellaneous
 A - a phantom mirror
 K - a box of beasts
 P - a tin of tremorstones (2/2)
 V - a phial of floods


   Skills:
 - Level 10.0 Fighting
 - Level 23.6(24.4) Axes
 - Level 9.3(16.0) Maces & Flails
 - Level 0.9(4.9) Staves
 * Level 5.5 Armour
 - Level 5.0 Dodging
 - Level 6.0 Shields
 - Level 16.0 Invocations


You had 14 spell levels left.
You didn't know any spells.
Your spell library contained the following spells:

 Spells                   Type           Power      Damage    Failure   Level
 Apportation              Tloc           0%         N/A       98%         1
 Magic Dart               Conj           0%         1d3       98%         1
 Necrotise                Necr           0%         1d4       98%         1
 Sandblast                Erth           0%         2d4       98%         1
 Sting                    Tmut/Pois      0%         1d3       98%         1
 Summon Small Mammal      Summ           0%         N/A       98%         1
 Call Imp                 Summ           0%         N/A       99%         2
 Ensorcelled Hibernation  Hex/Ice        0%         N/A       99%         2
 Lesser Beckoning         Tloc           0%         N/A       99%         2
 Passwall                 Tmut/Erth      0%         N/A       99%         2
 Poisonous Vapours        Pois/Air       0%         N/A       99%         2
 Gell's Gravitas          Tloc           0%         N/A       100%        3
 Inner Flame              Hex/Fire       0%         N/A       100%        3
 Mephitic Cloud           Conj/Pois/Air  0%         N/A       100%        3
 Ozocubu's Armour         Ice            0%         N/A       100%        3
 Spider Form              Tmut/Pois      0%         N/A       100%        3
 Stone Arrow              Conj/Erth      0%         3d7       100%        3
 Teleport Other           Tloc           0%         N/A       100%        3
 Anguish                  Hex/Necr       0%         N/A       100%        4
 Flame Wave               Conj/Fire      0%         2d4       100%        4
 Olgreb's Toxic Radiance  Pois           0%         N/A       100%        4
 Sticky Flame             Conj/Fire      0%         2d3       100%        4
 Alistair's Intoxication  Tmut/Pois      0%         N/A       100%        5
 Borgnjor's Vile Clutch   Necr/Erth      0%         N/A       100%        5
 Metabolic Englaciation   Hex/Ice        0%         N/A       100%        5
 Eringya's Noxious Bog    Tmut/Pois      0%         N/A       100%        6
 Simulacrum               Ice/Necr       0%         N/A       100%        6
 Dragon Form              Tmut           0%         N/A       100%        7
 Malign Gateway           Summ/Tloc      0%         N/A       100%        7
 Summon Hydra             Summ           0%         N/A       100%        7


Dungeon Overview and Level Annotations

Branches:
Dungeon (12/15)            Temple (1/1) D:6            Lair (5/5) D:9
  Swamp (2/4) Lair:3        Snake (0/4) Lair:2        Slime (0/5) Lair:5
    Orc (2/2) D:9          Bailey (visited)
    Elf: Orc:2

Altars:
Ashenzari
Cheibriados
Dithmenos
Elyvilon
Fedhas
Gozag
Hepliaklqana
Kikubaaqudgha
Makhleb
Nemelex Xobeh
Okawaru
Qazlal
Ru
Sif Muna
Trog
Uskayaw
Vehumet
Wu Jian
Xom
Yredelemnul
Zin
The Shining One
Beogh

Shops:
D:5 ((   D:10 (=[*   Orc:1 !

Annotations:
D:7 2 transporters, hawla's ghost, novice MeFE


Message History

A goliath frog comes into view.
You barely miss the spriggan druid.
The spriggan druid is heavily wounded.
The spriggan druid hits you with a +0 quarterstaff!
* * * LOW HITPOINT WARNING * * *
You slash the spriggan druid! You burn the spriggan druid.
The spriggan druid is almost dead.
Alork unwields a +0 dagger.
Alork wields a +0 arbalest.
Alork shoots a bolt.
The bolt closely misses the spriggan druid.
Spirok hits the spriggan druid with a +1 club!!
With its final breath, the spriggan druid offers up its power to the beasts of the wild!
The goliath frog seems to grow more fierce.
The alligator seems to grow more fierce.
The spriggan druid dies!
Beogh accepts your kill.
The alligator bites Alork!!
The alligator tail-slaps Alork!!
You swap places.
The alligator closely misses you.
The alligator tail-slaps you but does no damage.
You barely miss the alligator.
Alork shoots a bolt.
The bolt barely misses the alligator.
The alligator puts on a burst of speed!
The goliath frog hits you but does no damage.
You slice the alligator!! You burn the alligator!
The alligator is severely wounded.
The alligator misses you. The alligator completely misses you.
Alork shoots a bolt.
The bolt barely misses the alligator.
The goliath frog hits you from afar!
* * * LOW HITPOINT WARNING * * *
You are splashed with acid.
* * * LOW HITPOINT WARNING * * *
You feel much better. The alligator completely misses you.
You block the alligator's attack. The goliath frog barely misses you.
Spirok hits the alligator with a +1 club!!
The alligator dies!
Beogh accepts your kill.
Spirok looks more experienced.
The goliath frog hits you!!
* * * LOW HITPOINT WARNING * * *
The acid corrodes you!
You are splashed with acid!
You die...

~~~~.<♣....~~§....~....
~~~~~...~..~~~...~...~..
.~~~~~~~..~♣~..§~~~....~♣
.~~~~~~~~~~...~.§§~.....♣
...~~~~.~~§~§..~.......~♣
♣(~~~~~~~~~~~....~~~§~..♣
♣♣~~~~~~~~~~~~[.§.§.~~.♣
♣.~§~~~~~~~§††F.~~....♣
.§~~§~§~~§~~~.@o~~..~♣♣♣
.~~~~~~~~~~~~~†o~.)...~§~
~~.~~~~~~~§§~~.~~.....§~~~
~~. ~~~~~~~......♣♣♣♣~~~..
..♣ ..~~~......♣♣ ~.♣♣ ..~
......§~.§♣ ~♣ ♣ .~~~§...♣
~.....~ ~♣...


You could see a goliath frog (strong, ally target), the friendly Alork the orc
knight (strong) and the friendly Spirok the orc knight (strong).

Vanquished Creatures
  Gastronok (D:9)
  An eleionoma (Swamp:1)
  2 bunyips
  Snorg (D:12)
  2 ghost crabs
  9 hydras
  3 catoblepae (Lair:5)
  3 boulder beetles
  6 death yaks
  2 two-headed ogres
  4 alligators
  Sonja (D:11)
  A skyshark (Lair:2)
  Amaemon (D:10)
  A spriggan druid (Swamp:2)
  4 goliath frogs
  A swamp dragon (Swamp:2)
  Lodul (D:11)
  A cyclops (D:11)
  3 manticores
  An ugly thing (D:11)
  An oklob plant (Lair:2)
  2 black mambas
  8 elephants
  Maurice (D:8)
  A gargoyle (D:11)
  An orange demon (D:10)
  7 cane toads
  An unseen horror (D:11)
  Psyche (D:10)
  A rime drake (Lair:5)
  6 komodo dragons
  3 hornets
  2 trolls (D:9)
  5 polar bears
  4 tyrant leeches
  5 dream sheep
  A vampire (D:11)
  3 spriggans
  2 shadows
  26 yaks
  3 wraiths
  A basilisk (D:12)
  A steam dragon (D:7)
  4 wyverns
  A vampire mosquito (D:12)
  A warg (Orc:1)
  5 swamp worms
  10 water moccasins
  3 nagas (Lair:2)
  9 orc warriors
  A sky beast (D:8)
  2 black bears
  A swamp drake (Swamp:1)
  An ice beast (D:5)
  12 ogres
  10 centaurs
  A phantom (D:6)
  4 kobold brigands
  6 bullfrogs
  A gnoll sergeant (D:5)
  5 scorpions
  11 wights
  4 killer bees (D:9)
  A howler monkey (D:9)
  An electric eel (Lair:1)
  3 jellies
  2 orc priests
  6 hounds
  A gnoll bouda (D:5)
  8 iguanas
  6 orc wizards
  5 adders
  32 gnolls
  4 white imps
  An ufetubus (D:7)
  3 worms
  A dart slug (D:3)
  21 orcs
  4 ball pythons
  9 endoplasms
  3 giant cockroaches (D:1)
  16 goblins
  14 hobgoblins
  9 jackals
  14 kobolds
  3 quokkas
  4 frilled lizards
  3 rats
401 creatures vanquished.

Vanquished Creatures (collateral kills)
  Jorgrun (Swamp:2)
  A centaur warrior (D:9)
  A hydra (D:9)
  A two-headed ogre (D:9)
  An alligator (Swamp:2)
  4 death yaks
  2 skysharks (Lair:5)
  A spriggan druid (Swamp:2)
  A slime creature (D:12)
  A cyclops (D:12)
  A manticore (D:12)
  A black mamba (Lair:4)
  5 elephants
  4 cane toads
  3 komodo dragons (Lair:3)
  A rime drake (Lair:2)
  A tyrant leech (Swamp:1)
  A hornet (Lair:2)
  6 dream sheep
  A shadow (D:9)
  A spriggan (Swamp:2)
  7 yaks (Lair:5)
  A wyvern (Lair:5)
  A vampire mosquito (D:12)
  2 swamp worms
  An acid dragon (D:9)
  A water moccasin (Lair:3)
  2 orc warriors (Bailey)
  A centaur (D:9)
  A gnoll sergeant (D:12)
  2 bullfrogs
  A howler monkey (D:9)
  5 gnolls
  2 orcs
  A goblin (Bailey)
  A hobgoblin (Bailey)
  A kobold (D:9)
69 creatures vanquished.

Vanquished Creatures (others)
  2 orc warlords
  A bunyip (Swamp:2)
  An orc knight (Lair:2)
  6 orc warriors
  3 orc priests
  5 orcs
18 creatures vanquished.

Grand Total: 488 creatures vanquished

Notes
Turn   | Place    | Note
-------+----------+-------------------------------------------
     0 | D:1      | avis the Hill Orc Monk began the quest for the Orb.
     0 | D:1      | Reached XP level 1. HP: 19/19 MP: 1/1
   224 | D:1      | Reached XP level 2. HP: 24/26 MP: 2/2
   435 | D:1      | Reached skill level 5 in Axes
   868 | D:2      | Reached XP level 3. HP: 29/31 MP: 3/3
  1268 | D:2      | Found a broken altar of Ashenzari.
  1823 | D:3      | Reached skill level 6 in Axes
  2116 | D:3      | Reached XP level 4. HP: 27/39 MP: 4/4
  2342 | D:3      | Reached skill level 7 in Axes
  2879 | D:4      | Reached XP level 5. HP: 44/45 MP: 5/5
  2948 | D:4      | Found a snail-covered altar of Cheibriados.
  3027 | D:4      | Reached skill level 8 in Axes
  3209 | D:4      | Reached XP level 6. HP: 40/51 MP: 6/6
  3934 | D:5      | Entered Level 5 of the Dungeon
  3943 | D:5      | Reached skill level 9 in Axes
  4103 | D:4      | Reached XP level 7. HP: 56/59 MP: 7/7
  4153 | D:5      | Reached skill level 10 in Axes
  4417 | D:5      | Reached skill level 11 in Axes
  4836 | D:5      | Found Cixuor's Antique Weapon Shop.
  4844 | D:5      | Bought a warped war axe for 272 gold pieces
  4844 | D:5      | Identified the +6 war axe "Qyahilieb" {flame, rF+ rC-
                  | Str+3} (You bought it in a shop on level 5 of the Dungeon)
  4932 | D:5      | Reached XP level 8. HP: 66/66 MP: 8/8
  5038 | D:5      | Found Voigen's Antique Weapon Boutique.
  5075 | D:5      | Reached skill level 12 in Axes
  5332 | D:6      | Found a staircase to the Ecumenical Temple.
  5341 | Temple   | Entered the Ecumenical Temple
  5341 | Temple   | Found a transporter.
  5341 | Temple   | Found a transporter.
  5343 | Temple   | Found a transporter.
  5343 | Temple   | Found a transporter.
  5401 | Temple   | Identified a scroll of acquirement
  5402 | Temple   | Acquired a +1 antimagic battleaxe
  5841 | D:6      | Reached skill level 13 in Axes
  6459 | D:7      | Became a worshipper of Beogh the Brigand
  6459 | D:7      | Reached * piety under Beogh
  6459 | D:7      | Reached ** piety under Beogh
  6468 | D:7      | Reached skill level 14 in Axes
  6472 | D:7      | Reached XP level 9. HP: 47/71 MP: 9/9
  6472 | D:7      | Identified the +6 spear "Ogayfot" {elec, Str+3}
  6472 | D:7      | Identified the +7 ring mail "Jinwaf" {rF- Int+5 Dex+3}
  6472 | D:7      | Identified the +1 kite shield of the Shrike {rElec Dex-5
                  | SInv}
  6551 | D:7      | Identified the amulet of No Interval {Reflect Regen+ MP+9
                  | Dex-4 SH+5}
  6554 | D:7      | Identified the ring of Xom's Ringing Laughter {rElec AC+4}
  6554 | D:7      | Noticed hawla's ghost (novice MeFE)
  6581 | D:7      | Found a transporter.
  6590 | D:7      | Found a transporter.
  6793 | D:7      | Reached skill level 15 in Axes
  7010 | D:8      | Found a flagged portal.
  7032 | Bailey   | Entered a bailey
  7081 | Bailey   | Reached *** piety under Beogh
  7397 | Bailey   | Gained Arbeogh as an ally
  7590 | Bailey   | Noticed an orc warlord
  7597 | Bailey   | Reached skill level 16 in Axes
  7601 | Bailey   | Reached **** piety under Beogh
  7615 | Bailey   | Your ally Arbeogh died
  7648 | Bailey   | Identified the +8 halberd of Decaying Blind Justice
                  | {protect, rPois rC+ rN+++ Int-3}
  7670 | Bailey   | Identified the amulet of Miuntoqu {Faith *Slow rC+ Str+3}
  7908 | D:8      | Noticed Maurice
  7914 | D:8      | Killed Maurice
  8080 | D:8      | Reached skill level 17 in Axes
  8086 | D:8      | Reached XP level 10. HP: 51/78 MP: 10/10
  8575 | Temple   | Reached XP level 11. HP: 84/84 MP: 10/21
  8725 | D:9      | Found a staircase to the Orcish Mines.
  8752 | D:9      | Noticed a two-headed ogre
  8766 | D:9      | Killed a two-headed ogre
  8985 | D:9      | Found a glowing golden altar of the Shining One.
  8985 | D:9      | Found an ornate altar of the Wu Jian Council.
  8987 | D:9      | Found a blossoming altar of Fedhas.
  9113 | D:9      | Noticed a two-headed ogre
  9128 | D:9      | Killed a two-headed ogre
  9129 | D:9      | Reached skill level 5 in Fighting
  9129 | D:9      | Reached skill level 18 in Axes
  9138 | D:9      | Killed a six-headed hydra
  9139 | D:9      | Reached skill level 1 in Armour
  9265 | D:9      | Noticed a centaur warrior
  9271 | D:9      | Killed a centaur warrior
  9489 | D:9      | Identified the staff of poison "Secsydop" {rPois rC+ Str+3}
  9495 | D:9      | Got Vetebugick's Spellcraft of Boris
  9640 | Temple   | Upgraded the game from 0.30.0-10-gfe55d96785 to
                  | 0.30.0-13-g156ef70053
  9722 | D:9      | Found a staircase to the Lair.
  9770 | D:9      | Found a burning altar of Makhleb.
  9770 | D:9      | Found a hide-covered altar of Uskayaw.
  9771 | D:9      | Found a broken altar of Ashenzari.
  9771 | D:9      | Found a hazy altar of Hepliaklqana.
  9771 | D:9      | Found a sparkling altar of Nemelex Xobeh.
  9772 | D:9      | Found a shimmering blue altar of Sif Muna.
  9773 | D:9      | Found a white marble altar of Elyvilon.
  9773 | D:9      | Found an opulent altar of Gozag.
  9849 | D:9      | Found a shadowy altar of Dithmenos.
  9863 | D:9      | Found a broken altar of Ashenzari.
  9864 | D:9      | Found a sacrificial altar of Ru.
  9864 | D:9      | Found an ancient bone altar of Kikubaaqudgha.
 10034 | D:9      | Noticed Gastronok
 10043 | D:9      | Killed Gastronok
 10044 | D:9      | Reached skill level 15 in Invocations
 10153 | Lair:1   | Entered Level 1 of the Lair of Beasts
 10337 | Lair:1   | Reached skill level 1 in Shields
 11248 | Lair:2   | Reached XP level 12. HP: 97/97 MP: 23/23
 11574 | Lair:2   | Found a white marble altar of Elyvilon.
 11610 | Lair:2   | Noticed a six-headed hydra
 11612 | Lair:2   | Found the +1 robe of Vines {NoPotionHeal Regen++++}
 11627 | Lair:2   | Killed a seven-headed hydra
 11843 | Lair:2   | Noticed a five-headed hydra
 11873 | Lair:2   | Killed a five-headed hydra
 12029 | Lair:2   | Found a staircase to the Snake Pit.
 12117 | Lair:2   | Noticed a seven-headed hydra
 12123 | Lair:2   | Killed a four-headed hydra
 12425 | Lair:2   | Noticed a skyshark
 12429 | Lair:2   | Killed a skyshark
 12568 | D:10     | Entered Level 10 of the Dungeon
 12734 | D:10     | Reached skill level 5 in Shields
 12736 | D:10     | Reached skill level 5 in Armour
 12803 | D:10     | Found Jaebin's Armour Boutique.
 12888 | D:5      | Bought a bloodstained flail for 272 gold pieces
 12888 | D:5      | Identified the +8 flail "Ytreguk" {heavy, rF+ rC+ Will+
                  | Str+3} (You bought it in a shop on level 5 of the Dungeon)
 13102 | D:10     | Found Renna's Jewellery Shoppe.
 13190 | D:10     | Found Cuil's Antique Weapon Shop.
 13378 | D:10     | Noticed Psyche
 13396 | D:10     | Killed Psyche
 13417 | D:10     | Found Toin's General Store.
 13482 | D:10     | Noticed Amaemon
 13487 | D:10     | Reached skill level 1 in Maces & Flails
 13492 | D:10     | Killed Amaemon
 13546 | D:10     | Found an iron altar of Okawaru.
 13689 | D:10     | Noticed a boulder beetle
 13700 | D:10     | Killed a boulder beetle
 14407 | D:11     | Noticed Lodul
 14414 | D:11     | Killed Lodul
 14606 | D:11     | Reached skill level 5 in Maces & Flails
 14606 | D:11     | Reached XP level 13. HP: 97/107 MP: 20/25
 14647 | D:11     | Noticed Sonja
 14648 | D:11     | Killed Sonja
 14995 | D:11     | Gained Blodwig as an ally
 16395 | Lair:3   | Found an opulent altar of Gozag.
 16816 | Lair:3   | Reached skill level 19 in Axes
 16822 | Lair:3   | Found a staircase to the Swamp.
 17233 | Lair:4   | Your ally Blodwig died
 17238 | Lair:4   | Reached ***** piety under Beogh
 17579 | Lair:4   | Gained Warrok as an ally
 18229 | Lair:5   | Entered Level 5 of the Lair of Beasts
 18236 | Lair:5   | Reached skill level 20 in Axes
 18423 | Lair:5   | Reached XP level 14. HP: 112/115 MP: 6/26
 18430 | Lair:5   | Reached skill level 21 in Axes
 18853 | Lair:5   | Reached skill level 22 in Axes
 19510 | Lair:5   | Found a staircase to the Slime Pits.
 20050 | D:12     | Identified the +1 robe "Reysim" {rC++ Str+5 Dex+2}
 20192 | D:12     | Your ally Warrok died
 20193 | D:12     | Noticed Snorg
 20197 | D:12     | Killed Snorg
 20197 | D:12     | Reached ****** piety under Beogh
 20198 | D:12     | Reached skill level 23 in Axes
 20299 | Orc:1    | Entered Level 1 of the Orcish Mines
 20299 | Orc:1    | Found Nyikykinexoi's Distillery.
 20443 | Orc:1    | You fall into a shaft and drop 1 floor!
 20443 | Orc:2    | Entered Level 2 of the Orcish Mines
 20473 | Orc:1    | Gained Norbak as an ally
 20699 | Orc:1    | Found a roughly hewn altar of Beogh.
 20939 | Lair:1   | Upgraded the game from 0.30.0-13-g156ef70053 to
                  | 0.30.0-15-g856e2d3f33
 21087 | Swamp:1  | Entered Level 1 of the Swamp
 21126 | Swamp:1  | Noticed an eleionoma
 21134 | Swamp:1  | Killed an eleionoma
 21750 | Swamp:1  | Gained Milork as an ally
 22411 | Swamp:2  | Gained Alork as an ally
 22411 | Swamp:2  | HP: 3/118 [acid (9)]
 22718 | Swamp:2  | Reached XP level 15. HP: 98/125 MP: 24/27
 22736 | Swamp:2  | Reached skill level 10 in Fighting
 23062 | Swamp:2  | Noticed Jorgrun
 23075 | Swamp:2  | Killed Jorgrun
 23075 | Swamp:2  | Gained Spirok as an ally
 23085 | Swamp:2  | Reached skill level 5 in Dodging
 23115 | Swamp:2  | HP: 4/126 [goliath frog[a spriggan druid] (38)]
 23115 | Swamp:2  | Splashed by a goliath frog's acid

Illustrated notes

Levels and vault maps discovered:
D:1:      lemuel_arrival_broad_hall, layout_basic
D:2:      layout_loops_ring, basic_altar, serial_bayou_crossing
D:3:      cheibrodos_helix_gallery, layout_basic, item_on_display_a
D:4:      layout_loops_ring, mainiacjoe_overflow_surrounded_room, abandoned_shop
D:5:      layout_cave_pools, serial_gnoll_camp, gnoll_camp_mini_hut,
          gnoll_camp_mini_shop, gnoll_camp_mini_loothouse, gnoll_camp_medium_01,
          gnoll_camp_mini_hut, gnoll_camp_mini_shop
D:6:      layout_loops_cross, minmay_temple_entry_wispy
D:7:      layout_basic, gammafunk_ghost_gnarly_gnolls
D:8:      layout_loops_ring, enter_bailey_7, uniq_maurice
D:9:      minmay_the_grid_octo_2x2 [minmay_the_grid_octo_checkerflower,
          minmay_the_grid_octo_clover, minmay_the_grid_octo_shrine,
          minmay_the_grid_octo_prize_single_spiral], layout_rooms,
          nicolae_overflows_in_rows, lair_entry_dummy, orc_0_dummy,
          uniq_gastronok
D:10:     layout_irregular_city, okawaru_metal_pillars_3, serial_shops,
          nicolae_shop_just_a_little_nook, nicolae_square_shop, shop,
          nicolae_shop_just_a_little_nook, uniq_psyche, uniq_amaemon
D:11:     layout_loops_ring, uniq_lodul, uniq_sonja
D:12:     minmay_roctagon, layout_loops_ring, uniq_snorg
Temple:   hellmonk_temple_divided_pantheon
Lair:1:   layout_hall_layers, lemuel_fruit_fields, serial_bayou_shore_a,
          infiniplex_staircase_pool, lemuel_fruit_tree
Lair:2:   layout_gridlike, nicolae_snake_entry_squirm, basic_altar,
          minivault_26, hellmonk_guarded_unrand_vines
Lair:3:   layout_gridlike, palyth_hydra_swamp_entry, basic_altar,
          infiniplex_staircase_pool_2
Lair:4:   layout_misc_corridors, grunt_megastairs_2, lemuel_fruit_fields
Lair:5:   evilmike_catoblepas_cave, layout_misc_corridors,
          dpeg_slime_entry_enclosed, chequers_serial_rivers_micro_d,
          cheibrodos_lair_lostbears, serial_bayou_shore_b
Swamp:1:  layout_falls_marsh, evilmike_swamp_ruin_rubble_1
Swamp:2:  layout_basic_swamp, nicolae_swamp_treefoil, nicolae_swamp_godswood,
          uniq_jorgrun
Orc:1:    layout_diamond_mine, serial_shops, shop, basic_altar
Orc:2:    grunt_orc_community_town_hall, layout_diamond_mine,
          grunt_orc_community_big_house_2, grunt_orc_community_big_house_1,
          grunt_orc_community_house_3, grunt_orc_community_house_1,
          grunt_orc_community_house_1, grunt_orc_community_house_3,
          grunt_orc_community_house_3, grunt_orc_community_house_3

Skill      XL: |  1  2  3  4  5  6  7  8  9 10 11 12 13 14 15 |
---------------+----------------------------------------------+-----
Axes           | 5 6 7 8 9 11 14 17 18 20 23 | 23.6
Fighting       | 4 6 8 9 10 | 10.0
Dodging        | 3 5 |  5.0
Invocations    | 13 15 16 | 16.0
Armour         | 3 5 |  5.5
Shields        | 2 6 |  6.0
Maces & Flails | 5 9 |  9.3
Staves         | |  0.9

Action                     |  1- 3 |  4- 6 |  7- 9 | 10-12 | 13-15 || total
---------------------------+-------+-------+-------+-------+-------++-------
  Melee: Hand axe          |    25 |       |       |       |       ||    25
         Short sword       |    75 |   148 |    70 |       |       ||   293
         Spear             |       |       |    12 |       |       ||    12
         War axe           |       |       |   187 |   189 |   400 ||   776
         Unarmed           |       |       |       |    13 |       ||    13
 Invoke: Convert to Beogh  |       |       |     1 |       |       ||     1
         Recall Orcish Fol |       |       |       |     3 |     8 ||    11
         Smiting           |       |       |       |     9 |     7 ||    16
         Give Item to Name |       |       |       |       |     3 ||     3
         Stop Recall       |       |       |       |       |     2 ||     2
         Resurrection      |       |       |       |       |     1 ||     1
  Evoke: Wand              |       |       |     2 |     5 |     1 ||     8
    Use: Potion            |       |       |     3 |     2 |     2 ||     7
         Scroll            |       |       |    13 |     9 |     3 ||    25
   Stab: Distracted        |       |       |       |     1 |     8 ||     9
 Armour: Robe              |     8 |       |       |       |       ||     8
         Chain mail        |     3 |    29 |    17 |    36 |    30 ||   115
         Plate armour      |       |       |    25 |     7 |       ||    32
         Skin              |       |       |       |     2 |       ||     2
         Ice dragon scales |       |       |       |       |    63 ||    63
  Dodge: Dodged            |    54 |   114 |   120 |   117 |   206 ||   611
  Block: Tower shield      |       |       |       |    43 |   291 ||   334
